 Dungeon Crawl Stone Soup version 0.18-a0-1800-gdc7a371 (webtiles) character file.

15715 eljoo the Geomancer (level 12, -2/95 HPs)
             Began as a Formicid Earth Elementalist on Apr 24, 2016.
             Was an Initiate of Ashenzari.
             Slain by a black mamba (5 damage)
             ... on level 1 of the Lair of Beasts.
             The game lasted 01:49:05 (15243 turns).

eljoo the Geomancer (Formicid Earth Elementalist)  Turns: 15243, Time: 01:49:07

Health: -2/95      AC:  9    Str: 12    XL:     12   Next: 61%
Magic:  0/24       EV: 17    Int: 31    God:    Ashenzari [......]
Gold:   703        SH:  0    Dex: 16    Spells: 7 memorised, 8 levels left

rFire  . . .     SeeInvis +     X - -2 dire flail (curse)
rCold  + . .     Gourm    .     U - +2 robe {rC+}
rNeg   . . .     Faith    .     (no shield)
rPois  .         Spirit   +     (helmet unavailable)
rElec  .         Dismiss  .     (no cloak)
rCorr  .         Reflect  .     F - +0 pair of gloves (curse)
SustAt .         Harm     .     (no boots)
MR     +....                    Y - amulet of guardian spirit (curse)
Stlth  +++++.....               K - +5 ring of intelligence (curse)
                                I - +4 ring of protection (curse)

@: brilliant, agile, somewhat resistant to hostile enchantments, quite stealthy
A: permanent stasis, dig shafts and tunnels, four strong arms, antennae 3
a: Dig, Shaft Self, Curse Item, Renounce Religion


You were on level 1 of the Lair of Beasts.
You worshipped Ashenzari.
Ashenzari was noncommittal.
You were not hungry.

You visited 4 branches of the dungeon, and saw 15 of its levels.

You collected 703 gold pieces.

Inventory:

Hand Weapons
 a - a +1 scimitar of flaming
 V - a +0 short sword of venom
 X - a cursed -2 dire flail (weapon)
Missiles
 b - 124 stones (quivered)
Armour
 F - a cursed +0 pair of gloves (worn)
 L - a +2 leather armour of cold resistance
 U - a +2 robe of cold resistance (worn)
 Z - a -2 robe
Magical Staves
 f - an uncursed staff of power
 q - an uncursed staff of energy
Jewellery
 t - an uncursed ring of ice
 E - the cursed ring of the Unkillable {Wiz Int+2}
   (You acquired it on level 11 of the Dungeon)

   [ring of wizardry]

   It improves your spell success rate.
   It affects your intelligence (+2).
   It has a curse placed upon it.
 I - a cursed +4 ring of protection (left hand)
 J - a +4 ring of strength
 K - a cursed +5 ring of intelligence (right hand)
 Y - a cursed amulet of guardian spirit (around neck)
Wands
 k - a wand of enslavement (12/24)
 m - a wand of flame (19/48)
 n - a wand of acid (10/15)
 w - a wand of random effects (35/48)
 A - a wand of enslavement (14/24)
 N - a wand of polymorph (11/24)
 O - a wand of iceblast (6/15)
 Q - a wand of lightning (6/15)
 T - a wand of flame (31/48)
Scrolls
 e - 9 scrolls of identify
 g - 2 scrolls of amnesia
 C - a scroll of magic mapping
 H - a scroll of recharging {unknown}
 S - a scroll of torment
Potions
 i - a potion of ambrosia {unknown}
 j - a potion of might {unknown}
 l - a potion of flight
 r - a potion of lignification {unknown}
 v - a potion of cure mutation {unknown}
 z - a potion of beneficial mutation {unknown}
 B - a potion of cancellation {unknown}
 D - a potion of agility
Books
 c - a book of Geomancy

   Spells                             Type                      Level
   a - Sandblast                      Earth                        1
   b - Passwall                       Transmutation/Earth          2
   c - Stone Arrow                    Conjuration/Earth            3
   d - Petrify                        Transmutation/Earth          4
   e - Lee's Rapid Deconstruction     Earth                        5
 W - a book of Conjurations

   Spells                             Type                      Level
   a - Magic Dart                     Conjuration                  1
   b - Searing Ray                    Conjuration                  2
   c - Dazzling Spray                 Conjuration/Hexes            3
   d - Fulminant Prism                Conjuration/Hexes            4
   e - Iskenderun's Mystic Blast      Conjuration                  4
   f - Iskenderun's Battlesphere      Conjuration/Charms           5
Comestibles
 d - 4 bread rations
 h - 7 meat rations
 p - 16 fruits
 P - 2 beef jerkies
 R - 4 slices of pizza


   Skills:
 * Level 9.1 Fighting
 + Level 7.6 Long Blades
 - Level 1.7 Dodging
 + Level 7.9 Stealth
 + Level 8.8 Spellcasting
 * Level 5.3 Conjurations
 - Level 7.8 Transmutations
 - Level 10.8 Earth Magic


You had 8 spell levels left.
You knew the following spells:

 Your Spells              Type           Power        Failure   Level  Hunger
a - Sandblast             Erth           ######       1%          1    None
b - Magic Dart            Conj           ####         1%          1    None
c - Petrify               Trmt/Erth      ######..     1%          4    None
d - Dazzling Spray        Conj/Hex       #####...     1%          3    None
e - Searing Ray           Conj           ######       1%          2    None
f - Lee's Rapid Deconstr  Erth           #######...   1%          5    ####...
g - Iskenderun's Mystic   Conj           ######..     1%          4    None


Dungeon Overview and Level Annotations

Branches:
Dungeon (11/15)            Temple (1/1) D:4            Lair (1/8) D:9
    Orc (2/2) D:10            Elf (0/3) Orc:2

Altars:
Ashenzari
Cheibriados
Dithmenos
Elyvilon
Fedhas
Gozag
Kikubaaqudgha
Makhleb
Nemelex Xobeh
Okawaru
Pakellas
Qazlal
Ru
Sif Muna
Trog
Vehumet
Xom
Yredelemnul
Zin
The Shining One

Shops:
D:11 =


Innate Abilities, Weirdness & Mutations

You are under a permanent stasis effect.
You can dig through walls and to a lower floor.
Your four strong arms can wield two-handed weapons with a shield.
You have a pair of large antennae on your head (SInv).


Message History

The black mamba completely misses you. The black mamba misses you.
The black mamba bites you!
* * * LOW HITPOINT WARNING * * *
Read which item? (? for menu, Esc to quit)
Okay, then.
Drink which item? (? for menu, Esc to quit)
You feel better. The black mamba closely misses you. The black mamba bites you!
* * * LOW HITPOINT WARNING * * *
Drink which item? (? for menu, Esc to quit)
It was a potion of berserk rage.
You cannot go berserk while under stasis.
The black mamba bites you!
* * * LOW HITPOINT WARNING * * *
The black mamba bites you but does no damage.
Drink which item? (? for menu, Esc to quit)
It was a potion of brilliance.
You feel clever all of a sudden. The black mamba bites you.
You die...

#............#
#.......##
##.#....P...#
#.......# #......[..##
#####'### ####.#####.#
#..# ##.# ### ###.##
####P+### #...#
#.......## ##'###
#........## ##....##
#.......#.#####@.....#
#.............S'.....#
#.........####.#....##
#.........P# ###....#
#.......P### #....#
+........# ##+.##
#.......## #.
####.+#### ## ##....#
## #


You could see a black mamba (inner flame).

Vanquished Creatures
  Snorg (D:10)
  A hydra (Lair:1)
  Erica (D:8)
  Urug (D:10)
  An unseen horror (D:10)
  2 hill giants
  Pikel (D:7)
  An ugly thing (D:11)
  A spiny frog (D:9)
  A troll (D:11)
  A two-headed ogre (D:10)
  3 wyverns
  A basilisk (D:9)
  28 yaks
  A hungry ghost (D:7)
  A hippogriff (D:10)
  A water moccasin (Lair:1)
  A porcupine (D:9)
  3 sky beasts
  2 slaves (D:7)
  2 phantoms
  A black bear (D:11)
  3 orc warriors
  A necrophage (D:10)
  4 ogres
  5 centaurs
  4 crocodiles
  A big kobold (D:7)
  Blork the orc (D:6)
  2 gnoll sergeants
  A wyvern zombie (D:7)
  7 giant frogs
  2 scorpions
  9 killer bees
  9 wights
  A crimson imp (D:10)
  A centaur zombie (D:5)
  2 giant frog zombies
  An orc priest (D:4)
  2 jellies
  3 centaur skeletons
  A giant frog skeleton (D:10)
  4 hounds
  7 orc wizards
  7 worker ants
  A hound skeleton (D:7)
  7 gnolls
  9 adders
  6 river rats (D:9)
  2 shadow imps
  2 oozes
  3 adder zombies
  3 dart slugs
  6 giant geckos
  20 orcs
  5 giant cockroaches
  7 goblins
  8 hobgoblins
  6 jackals
  8 kobolds
  7 quokkas
  8 bats
  2 giant newts
  2 jackal skeletons
  A quokka zombie (D:8)
  6 rats
253 creatures vanquished.

Vanquished Creatures (others)
  A centaur skeleton (D:7)
  A fungus (D:9)
  4 plants (D:9)
6 creatures vanquished.

Grand Total: 259 creatures vanquished

Notes
Turn   | Place    | Note
--------------------------------------------------------------
     0 | D:1      | eljoo the Formicid Earth Elementalist began the quest for the Orb.
     0 | D:1      | Reached XP level 1. HP: 13/13 MP: 3/3
   176 | D:1      | Reached XP level 2. HP: 19/19 MP: 0/5
   643 | D:1      | Reached skill level 4 in Earth Magic
   748 | D:1      | Reached XP level 3. HP: 21/24 MP: 1/6
  1014 | D:2      | Found a sparkling altar of Nemelex Xobeh.
  1290 | D:2      | Reached XP level 4. HP: 30/30 MP: 5/7
  1307 | D:2      | Learned a level 4 spell: Petrify
  2189 | D:3      | Found a sacrificial altar of Ru.
  2826 | D:4      | Reached XP level 5. HP: 30/35 MP: 0/8
  3035 | D:4      | Reached skill level 5 in Stealth
  3058 | D:4      | Reached skill level 5 in Earth Magic
  3283 | D:4      | Reached XP level 6. HP: 41/41 MP: 5/10
  3356 | D:4      | Learned a level 5 spell: Lee's Rapid Deconstruction
  3380 | D:4      | Found a bloodstained altar of Trog.
  3652 | D:4      | Found a staircase to the Ecumenical Temple.
  3659 | Temple   | Entered the Ecumenical Temple
  4238 | D:5      | Entered Level 5 of the Dungeon
  4605 | D:5      | Noticed a sky beast
  4657 | D:5      | Killed a sky beast
  4657 | D:5      | Reached XP level 7. HP: 38/46 MP: 5/12
  4731 | D:5      | Reached skill level 6 in Earth Magic
  6051 | D:6      | Noticed Blork the orc
  6057 | D:6      | Killed Blork the orc
  6057 | D:6      | Reached skill level 7 in Earth Magic
  6057 | D:6      | Reached XP level 8. HP: 52/52 MP: 10/14
  7051 | D:7      | Found a shadowy altar of Dithmenos.
  7103 | D:7      | Reached skill level 8 in Earth Magic
  7523 | D:7      | Noticed Pikel
  7555 | D:7      | Killed Pikel
  7555 | D:7      | Reached skill level 5 in Spellcasting
  7555 | D:7      | Reached skill level 5 in Transmutations
  7555 | D:7      | Reached skill level 9 in Earth Magic
  7555 | D:7      | Reached XP level 9. HP: 51/57 MP: 1/17
  7937 | D:8      | Reached skill level 10 in Earth Magic
  8001 | D:8      | Noticed Erica
  8033 | D:8      | Killed Erica
  8065 | D:8      | Reached skill level 1 in Fighting
  8071 | D:8      | Reached skill level 1 in Long Blades
  8372 | D:8      | Reached XP level 10. HP: 64/67 MP: 16/19
  9311 | D:9      | Reached skill level 5 in Fighting
  9449 | D:9      | Found a staircase to the Lair.
  9782 | D:9      | Found a burning altar of Makhleb.
  9963 | D:9      | Reached skill level 5 in Long Blades
 10084 | D:10     | Entered Level 10 of the Dungeon
 10100 | D:10     | Noticed a hill giant
 10111 | D:10     | Reached XP level 11. HP: 78/81 MP: 7/22
 10356 | D:10     | Found a staircase to the Orcish Mines.
 10656 | D:10     | Noticed a hill giant
 10664 | D:10     | Noticed Urug
 11211 | D:9      | Learned a level 2 spell: Searing Ray
 11239 | D:10     | Noticed Snorg
 11246 | D:10     | Killed Snorg
 11246 | D:10     | Reached skill level 1 in Conjurations
 11249 | D:10     | Killed a hill giant
 11365 | D:10     | Killed Urug
 11378 | D:10     | Noticed an unseen horror
 11885 | D:10     | Killed an unseen horror
 12286 | D:9      | Found a shattered altar of Ashenzari.
 12286 | D:9      | Found a white marble altar of Elyvilon.
 12290 | D:9      | Found an opulent altar of Gozag.
 12296 | D:9      | Became a worshipper of Ashenzari the Shackled
 12428 | D:10     | Reached XP level 12. HP: 70/92 MP: 2/24
 12931 | D:11     | Found Bifyer's Jewellery Boutique.
 13079 | D:11     | Identified a scroll of acquirement
 13079 | D:11     | Identified the cursed ring of the Unkillable {Wiz Int+2} (You acquired it on level 11 of the Dungeon)
 13258 | D:11     | Noticed an unseen horror
 13332 | D:11     | Noticed a seven-headed hydra
 13538 | Orc:1    | Entered Level 1 of the Orcish Mines
 13567 | Orc:2    | Entered Level 2 of the Orcish Mines
 13568 | Orc:2    | Found a staircase to the Elven Halls.
 13798 | D:10     | Reached skill level 5 in Conjurations
 14199 | D:9      | Learned a level 3 spell: Dazzling Spray
 14201 | D:9      | Learned a level 1 spell: Magic Dart
 14206 | D:9      | Learned a level 4 spell: Iskenderun's Mystic Blast
 14207 | Lair:1   | Entered Level 1 of the Lair of Beasts
 14883 | Lair:1   | Noticed an eight-headed hydra
 14937 | Lair:1   | Killed an eight-headed hydra
 15242 | Lair:1   | HP: 2/95 [black mamba (12)]
 15243 | Lair:1   | Slain by a black mamba

Vault maps used:
D:1:      co_arrival_square_in_a_square_in_a_square, minmay_misc_feat_iff
D:2:      lemuel_crystal_altar
D:3:      lemuel_round_altar, first_bread
D:4:      nicolae_overflow_crystal_walls, minmay_temple_entry_enclosed_plants
D:6:      minivault_1, uniq_blork_the_orc
D:7:      grunt_dithmenos_smoke_and_mirrors, uniq_pikel
D:8:      uniq_erica
D:9:      nicolae_overflow_hidden_temple, kennysheep_little_box,
          minmay_lair_entry_grove
D:10:     orc_0_dummy, uniq_snorg, uniq_urug
D:11:     serial_shops, shop_statue
Temple:   minmay_temple_forest_path_12
Lair:1:   minivault_25, lemuel_fruit_tree, grunt_megastairs_3
Orc:2:    grunt_orc_gardens, grunt_orc_garden, grunt_orc_garden,
          grunt_orc_garden, grunt_orc_garden, portal_ice_cave_entry_ice_beasts

Skill      XL: |  1  2  3  4  5  6  7  8  9 10 11 12 |
---------------+-------------------------------------+-----
Stealth        | 3 4 5 6 7 |  7.9
Earth Magic    | 4 5 7 9 10 | 10.8
Transmutations | 2 3 5 6 7 |  7.8
Spellcasting   | 3 4 5 6 7 8 |  8.8
Fighting       | 1 5 8 9 |  9.1
Long Blades    | 1 5 6 7 |  7.6
Conjurations   | 3 5 |  5.3
Dodging        | |  1.7

Action                   |  1- 3 |  4- 6 |  7- 9 | 10-12 || total
-------------------------+-------+-------+-------+-------++-------
Melee: Unarmed           |     9 |       |       |       ||     9
       Scimitar          |       |       |     3 |    34 ||    37
       Dire flail        |       |       |       |     4 ||     4
 Cast: Sandblast         |    68 |   110 |   104 |   286 ||   568
       Petrify           |       |       |     5 |    20 ||    25
       Lee's Rapid Decon |       |       |     5 |    35 ||    40
       Searing Ray       |       |       |       |    12 ||    12
       Magic Dart        |       |       |       |     4 ||     4
       Iskenderun's Myst |       |       |       |     2 ||     2
Invok: Curse Item        |       |       |       |     4 ||     4
 Abil: Dig               |       |       |       |     2 ||     2
  Use: Scroll            |     1 |     1 |     5 |     8 ||    15
       Potion            |       |       |     3 |    14 ||    17
 Stab: Sleeping          |     1 |       |       |       ||     1
  Eat: Chunk             |     2 |    11 |    14 |    16 ||    43
       Meat ration       |       |       |       |     1 ||     1
       Bread ration      |       |       |       |     2 ||     2
Armor: Robe              |    14 |     8 |    10 |    95 ||   127
       Leather armour    |       |       |    15 |       ||    15
Dodge: Dodged            |    48 |    38 |    46 |   195 ||   327
